AoeStats
← Evan Mason

Arena

507459496Analyzed
4v4 RM · 15d ago on Sep 18, 2026· 50m 57s· 8 players
Game mode
Random Map
Map size
Large (8 player)
Population
200
Speed
Normal
Resources
Standard
Victory
Conquest
Starting age
Dark Age
Ending age
Imperial Age
RankedLock teamsTeams togetherTeam positionsShared explorationLock speedFull tech treeHidden civsTurbo modeCheats
Victory
Defeat
🇨🇳 Saracens · China
776
+11
🇺🇦 Britons · Ukraine
769
+11
🇬🇧 Vietnamese · United Kingdom
767
+11
🇨🇳 Bohemians · China
607
+19
🇫🇷 Georgians · France
675
-13
🇹🇷 Italians · Türkiye
658
-13
656
-13
651
-13
Sedat
10:26 Feudal Age
8:44 Loom
13:18 Double-Bit Axe
13:15 Horse Collar
19:18 Castle Age
18:47 Stone Mining
18:49 Gold Mining
24:26 Wheelbarrow
23:40 Town Watch
30:14 Imperial Age
28:34 Town Patrol
28:33 Pikeman
29:21 Scale Mail Armor
30:51 Forging
32:03 Chain Mail Armor
35:08 Chemistry
34:03 Murder Holes
34:30 Ballistics
34:01 Heated Shot
35:05 Caravan
36:18 Plate Mail Armor
36:31 Iron Casting
45:31 Elite Skirmisher
Rob1
12:57 Feudal Age
13:23 Double-Bit Axe
13:19 Horse Collar
15:46 Wheelbarrow
19:41 Castle Age
22:21 Heavy Plow
23:46 Stone Mining
23:53 Gold Mining
28:05 Stone Shaft Mining
28:26 Bow Saw
28:56 Scale Barding Armor
28:52 Scale Mail Armor
29:47 Svan Towers
31:50 Chain Mail Armor
31:56 Chain Barding Armor
37:56 Imperial Age
41:07 Elite Monaspa
☯︎ PΔTΔS DΞ STΞΞL ☯
0:58 Loom
14:16 Feudal Age
15:31 Wheelbarrow
14:42 Double-Bit Axe
14:48 Gold Mining
14:50 Stone Mining
14:42 Horse Collar
19:54 Castle Age
19:21 Bloodlines
19:24 Forging
19:20 Scale Barding Armor
21:10 Gold Shaft Mining
20:48 Bow Saw
22:03 Heavy Plow
23:52 Iron Casting
25:21 Hand Cart
25:53 Chain Barding Armor
26:32 Husbandry
28:33 Marauders
31:28 Imperial Age
31:00 Ballistics
32:40 Atheism
33:57 Two-Man Saw
32:45 Cavalier
33:57 Elite Tarkan
35:15 Caravan
隊友不准投降不准弱
11:31 Feudal Age
12:08 Horse Collar
12:14 Double-Bit Axe
18:01 Castle Age
15:48 Loom
16:19 Town Watch
16:48 Fletching
26:16 Chemistry
28:26 Redemption
33:22 Imperial Age
33:38 Ballistics
GEvans7
0:30 Loom
13:01 Feudal Age
13:47 Horse Collar
14:06 Double-Bit Axe
15:25 Wheelbarrow
14:46 Gold Mining
16:33 Padded Archer Armor
20:53 Castle Age
20:14 Fletching
20:38 Forging
22:08 Heavy Plow
22:22 Bow Saw
22:13 Stone Mining
23:19 Scale Barding Armor
24:01 Stone Shaft Mining
23:53 Leather Archer Armor
24:55 Bodkin Arrow
27:39 Hand Cart
27:41 Murder Holes
27:57 Fortified Wall
28:09 Ballistics
28:43 Bloodlines
31:10 Husbandry
34:42 Imperial Age
32:57 Thumb Ring
32:16 Elite Skirmisher
35:06 Iron Casting
34:52 Chain Barding Armor
34:33 Treadmill Crane
34:45 Heated Shot
35:18 Imperial Skirmisher
36:32 Caravan
37:09 Paper Money
36:57 Town Watch
37:46 Ring Archer Armor
38:52 Two-Man Saw
38:10 Town Patrol
39:46 Bracer
40:23 Plate Barding Armor
40:20 Chatras
42:26 Chemistry
41:32 Siege Engineers
41:13 Arrowslits
43:11 Pikeman
43:57 Halberdier
44:53 Scale Mail Armor
47:25 Chain Mail Armor
He
0:28 Loom
10:51 Feudal Age
19:23 Castle Age
17:27 Double-Bit Axe
17:32 Horse Collar
18:06 Stone Mining
18:16 Gold Mining
22:34 Heavy Plow
24:24 Fletching
32:01 Imperial Age
30:18 Wheelbarrow
30:57 Bow Saw
31:45 Hand Cart
32:32 Gold Shaft Mining
31:57 Bodkin Arrow
32:03 Padded Archer Armor
32:44 Squires
33:07 Conscription
33:00 Elite Longbowman
34:19 Leather Archer Armor
33:53 Town Watch
35:44 Bracer
36:14 Ring Archer Armor
36:16 Treadmill Crane
36:58 Ballistics
37:43 Chemistry
38:35 Yeomen
39:16 Murder Holes
38:45 Pikeman
40:03 Halberdier
41:00 Forging
40:50 Scale Mail Armor
41:19 Caravan
43:32 Two-Man Saw
43:28 Warwolf
43:45 Guilds
49:59 Spies/Treason
Evan Mason
10:02 Feudal Age
11:04 Horse Collar
17:31 Loom
20:12 Castle Age
21:49 Heavy Plow
23:12 Double-Bit Axe
25:17 Wheelbarrow
28:11 Hand Cart
29:45 Forging
29:30 Fletching
29:40 Town Watch
30:12 Bow Saw
30:29 Squires
32:25 Wagenburg Tactics
35:08 Imperial Age
35:00 Chemistry
33:47 Pikeman
37:07 Town Patrol
38:11 Two-Man Saw
37:56 Iron Casting
37:17 Bodkin Arrow
40:42 Bracer
41:43 Blast Furnace
41:48 Masonry
42:02 Ballistics
42:40 Murder Holes
43:07 Ballistics
45:58 Architecture
48:14 Fortified Wall
47:47 Halberdier
49:47 Houfnice
Misaka Mikoto
9:57 Feudal Age
10:23 Double-Bit Axe
10:19 Horse Collar
19:01 Castle Age
17:20 Stone Mining
17:44 Gold Mining
20:05 Husbandry
20:14 Scale Barding Armor
20:19 Forging
20:57 Bloodlines
20:44 Loom
25:49 Wheelbarrow
25:02 Town Watch
28:18 Herbal Medicine
29:35 Gold Shaft Mining
30:35 Hand Cart
31:39 Fortified Wall
35:49 Imperial Age
33:22 Caravan
33:52 Bimaristan
34:35 Scale Mail Armor
34:57 Chain Barding Armor
36:34 Iron Casting
36:17 Bow Saw
36:52 Conscription
36:23 Elite Mameluke
39:54 Blast Furnace
39:30 Plate Barding Armor
45:57 Treadmill Crane
51:27 Counterweights
51:41 Ballistics
51:28 Siege Engineers
Connection lost

Rejoining the realm…

Still unreachable

The connection could not be restored.

Session expired

The server has moved on; the page needs a fresh start.